 Dungeon Crawl Stone Soup version 0.21.1-1-g345015f (webtiles) character file.

11 erloom the Fighter (level 2, -2/33 HPs)
             Began as a Gnoll Wanderer on Mar 3, 2018.
             Killed from afar by Sigmund (5 damage)
             ... with a magic dart
             ... on level 2 of the Dungeon.
             The game lasted 00:01:25 (900 turns).

erloom the Fighter (Gnoll Wanderer)                  Turns: 900, Time: 00:01:25

Health: -2/33      AC:  3    Str: 13    XL:     2   Next: 29%
Magic:  0/2        EV: 11    Int: 12    God:
Gold:   44         SH:  0    Dex: 17    Spells: 1/1 levels left

rFire    . . .     SeeInvis .   a - +2 hand axe
rCold    . . .     Gourm    .   (no shield)
rNeg     . . .     Faith    .   k - +0 leather armour
rPois    .         Spirit   +   (no helmet)
rElec    .         Reflect  .   m - scarf {Spirit}
rCorr    .         Harm     .   (no gloves)
MR       .....                  (no boots)
Stlth    +++.......             (no amulet)
HPRegen  0.11/turn              (no ring)
MPRegen  0.08/turn              (no ring)

@: no status effects
A: distributed training, fangs 1, strong nose
a: no special abilities


You were on level 2 of the Dungeon.
You were not hungry.

You visited 1 branch of the dungeon, and saw 2 of its levels.

You collected 44 gold pieces.

Inventory:

Hand Weapons
 a - a +2 hand axe (weapon)
 d - a +0 dagger
Armour
 c - a +0 robe
 k - a +0 leather armour (worn)
 m - a scarf of spirit shield (worn)
Jewellery
 n - a cursed ring of wizardry {unknown}
Scrolls
 e - 3 scrolls of fog {unknown}
 g - a scroll of immolation {unknown}
 h - 3 scrolls of identify {unknown}
Potions
 b - 2 potions of lignification
 i - 2 potions of ambrosia {unknown}
 j - a potion of brilliance {unknown}
 l - 2 potions of curing {unknown}
Comestibles
 f - 2 rations


   Skills:
 + Level 8.4 Fighting
 + Level 0.3 Short Blades
 + Level 0.3 Long Blades
 + Level 6.4 Axes
 + Level 0.3 Maces & Flails
 + Level 0.3 Polearms
 + Level 0.3 Staves
 + Level 0.3 Slings
 + Level 0.3 Bows
 + Level 0.3 Crossbows
 + Level 0.3 Throwing
 + Level 2.4 Armour
 + Level 0.3 Dodging
 + Level 4.0 Stealth
 + Level 0.3 Shields
 + Level 0.3 Unarmed Combat
 + Level 0.3 Spellcasting
 + Level 0.2 Conjurations
 + Level 0.2 Hexes
 + Level 0.2 Charms
 + Level 0.2 Summonings
 + Level 0.2 Necromancy
 + Level 0.2 Translocations
 + Level 0.2 Transmutations
 + Level 0.2 Fire Magic
 + Level 0.2 Ice Magic
 + Level 0.2 Air Magic
 + Level 0.2 Earth Magic
 + Level 0.2 Poison Magic
 + Level 0.4 Invocations
 + Level 0.3 Evocations


You had one spell level left.
You didn't know any spells.

Dungeon Overview and Level Annotations

Branches:
Dungeon (2/15)

Altars:

Annotations:
D:2 Sigmund


Innate Abilities, Weirdness & Mutations

Your experience applies equally to all skills.
You have very sharp teeth.
Your uncanny sense of smell can sniff out nearby items.


Message History

Sigmund is moderately wounded.
Sigmund hits you with a scythe!
You hit Sigmund. Your bite misses Sigmund.
Sigmund is moderately wounded.
Sigmund points at you and mumbles some strange words.
The magic dart hits you!
You slash Sigmund! You bite Sigmund, but do no damage.
Sigmund is severely wounded.
Sigmund hits you with a scythe!
* * * LOW HITPOINT WARNING * * *
You hit Sigmund. You bite Sigmund, but do no damage.
Sigmund is severely wounded.
You hit Sigmund.
Sigmund is almost dead.
Sigmund misses you.
You hit Sigmund. You bite Sigmund, but do no damage.
Sigmund is almost dead.
Sigmund points at you and mumbles some strange words.
The magic dart hits you!
You die...

......# #...# ......#
#.>.##### ......#
...#... ......### #....#
........# #...######∆ ##
......#.###..###...##...
......#.#....##.........
<..............[........
......#.........@@......
#######...............).
# #........#......... #
#.............##... #
#..........#### .# #
#..........# # #
#..........# #
......##.#


You could see Sigmund.

Vanquished Creatures
  2 goblins (D:1)
  3 hobgoblins (D:1)
  2 bats (D:1)
  A kobold (D:1)
  3 rats (D:1)
11 creatures vanquished.

Notes
Turn   | Place    | Note
-------+----------+-------------------------------------------
     0 | D:1      | erloom the Gnoll Wanderer began the quest for the Orb.
     0 | D:1      | erloom set off with: a +2 hand axe, 2 potions of lignification, a +0 robe, a +0 dagger, a ration
     0 | D:1      | Reached XP level 1. HP: 26/26 MP: 1/1
   305 | D:1      | Reached XP level 2. HP: 33/33 MP: 2/2
   884 | D:2      | Noticed Sigmund
   900 | D:2      | Killed from afar by Sigmund

Action                   || total
-------------------------++-------
Melee: Hand axe          ||    31
       Bite              ||     3
 Stab: Sleeping          ||     2
Armor: Leather armour    ||     3
Dodge: Dodged            ||    14
